 Dungeon Crawl Stone Soup version 0.19-a0-1803-g97ff39f (webtiles) character file.

2050 Naow the Cleaver (level 9, -3/106 HPs)
             Began as a Minotaur Berserker on Oct 5, 2016.
             Was an Elder of Trog.
             Slain by an orc knight
             ... wielding a +0 war axe
              (20 damage)
             ... in a bailey.
             The game lasted 00:09:26 (5781 turns).

Naow the Cleaver (Minotaur Berserker)               Turns: 5781, Time: 00:09:27

Health: -3/106     AC:  6    Str: 27    XL:     9   Next: 4%
Magic:  8/8        EV:  8    Int:  7    God:    Trog [****..]
Gold:   307        SH:  8    Dex: 10    Spells: 0 memorised, 8 levels left

rFire  . . .     SeeInvis .     a - +0 hand axe
rCold  . . .     Gourm    .     d - +0 ring mail
rNeg   . . .     Faith    .     s - +0 shield
rPois  .         Spirit   .     (helmet restricted)
rElec  .         Dismiss  .     (no cloak)
rCorr  .         Reflect  .     o - +0 pair of gloves
MR     +....     Harm     .     (no boots)
Stlth  ..........               (no amulet)
                                v - ring of protection from magic
                                g - ring of stealth

@: berserking, flying, very quick
A: retaliatory headbutt, horns 2
a: Berserk, Trog's Hand, Brothers in Arms, Burn Spellbooks, Renounce Religion


You were in a bailey.
You worshipped Trog.
Trog was greatly pleased with you.
You were not hungry.

You visited 1 branch of the dungeon, and saw 7 of its levels.
You also visited: Bailey.

You collected 307 gold pieces.

Inventory:

Hand Weapons
 a - a +0 hand axe (weapon)
Armour
 b - a +0 animal skin
 d - a +0 ring mail (worn)
 o - a +0 pair of gloves (worn)
 s - a +0 shield (worn)
Jewellery
 g - a ring of stealth (left hand)
 h - an uncursed ring of wizardry
 u - an uncursed ring of magical power
 v - a ring of protection from magic (right hand)
Wands
 z - a wand of confusion (17/48)
 D - a wand of flame (25/48)
 G - a wand of slowing (19/48)
Scrolls
 j - a scroll of enchant armour {unknown}
 n - 3 scrolls of recharging {unknown}
 q - 3 scrolls of remove curse {unknown}
 t - 7 scrolls of identify {unknown}
 x - a scroll of immolation {unknown}
 y - 2 scrolls of enchant weapon {unknown}
 A - 2 scrolls of blinking {unknown}
 C - a scroll of teleportation {unknown}
 E - a scroll of random uselessness {unknown}
 H - a scroll of fog {unknown}
 L - 3 scrolls of magic mapping {unknown}
 N - a scroll of noise {unknown}
Potions
 e - a potion of flight
 f - 3 potions of degeneration {unknown}
 k - 2 potions of cure mutation {unknown}
 m - 2 potions of curing {unknown}
 p - a potion of lignification {unknown}
 w - 2 potions of cancellation {unknown}
 B - 2 potions of heal wounds {unknown}
 J - a potion of might {unknown}
 K - a potion of resistance {unknown}
 M - a potion of mutation {unknown}
Books
 l - a book of Cantrips

   Spells                             Type                      Level
   a - Confusing Touch                Hexes                        1
   b - Animate Skeleton               Necromancy                   1
   c - Summon Small Mammal            Summoning                    1
   d - Apportation                    Translocation                1
   Trog disapproves of the use of such an item.
Comestibles
 c - 9 bread rations
 i - 3 meat rations
 r - a beef jerky
 F - 2 fruits
 I - 5 chunks of flesh


   Skills:
 - Level 4.0 Fighting
 + Level 13.8 Axes
 - Level 2.5 Armour
 - Level 2.2 Dodging


You had 8 spell levels left.
You didn't know any spells.

Dungeon Overview and Level Annotations

Branches:
Dungeon (7/15)
 Temple: D:4-7

Altars:
Ashenzari
Dithmenos
Elyvilon
Okawaru
Sif Muna
Uskayaw
Vehumet
Xom
The Shining One

Shops:
D:6 [


Innate Abilities, Weirdness & Mutations

You reflexively headbutt those who attack you in melee.
You have a pair of horns on your head.


Message History

You feel somewhat more hungry. The kobold misses you. The kobold hits you.
* * * LOW HITPOINT WARNING * * *
You slash the orc knight!
The orc knight is lightly wounded.
You hit the kobold.
You kill the kobold!
Trog accepts your kill.
You hit the kobold.
You kill the kobold!
Trog accepts your kill.
You hit the kobold.
You kill the kobold!
Trog accepts your kill. You block the orc knight's attack.
You hit the orc knight.
The orc knight is moderately wounded.
You hit the orc knight.
The orc knight is moderately wounded.
The orc knight hits you with a war axe!!
You die...

####...(..∩..#
####.............#
###..(.....≈≈≈≈≈≈≈≈≈
##.(.....≈≈≈≈≈≈≈≈≈≈≈≈
##......≈≈≈≈≈#########
###....≈≈≈≈≈≈≈K#.oKo...#
##≈≈≈≈≈≈≈≈≈..####oogo...#
≈≈≈≈≈≈≈≈o(...#o.# ##'###
≈≈≈≈#..)@(.###....
######.((..# ..##
#.......# #.....⌠....
##........o# ##..........
####........ #########


You could see an orc knight, an orc warrior and a kobold.

Vanquished Creatures
  Sigmund (D:2)
  2 sky beasts
  2 ogres
  A necrophage (D:7)
  3 phantoms
  2 centaurs (D:7)
  A bullfrog (D:6)
  A wyvern skeleton (D:6)
  A scorpion (D:6)
  2 crimson imps
  4 hounds
  A jelly (D:5)
  2 bullfrog skeletons
  5 orc wizards
  A centaur skeleton (D:5)
  3 worker ants
  A hound zombie (D:6)
  A howler monkey zombie (D:6)
  9 adders
  13 gnolls
  2 oozes
  An adder skeleton (D:5)
  2 worms
  5 dart slugs
  3 leopard geckos
  18 orcs
  A ball python (D:1)
  5 giant cockroaches
  6 goblins
  8 hobgoblins
  5 jackals
  4 quokkas
  A ball python zombie (D:5)
  13 bats
  10 frilled lizards
  A jackal zombie (D:4)
  15 kobolds
  A quokka skeleton (D:4)
  6 rats
163 creatures vanquished.

Notes
Turn   | Place    | Note
-------+----------+-------------------------------------------
     0 | D:1      | Naow the Minotaur Berserker began the quest for the Orb.
     0 | D:1      | Reached XP level 1. HP: 19/19 MP: 0/0
    92 | D:1      | Reached XP level 2. HP: 17/27 MP: 1/1
   109 | D:1      | Reached skill level 4 in Axes
   520 | D:1      | Reached ** piety under Trog
   631 | D:1      | Reached XP level 3. HP: 27/33 MP: 2/2
   917 | D:2      | Reached skill level 5 in Axes
  1316 | D:2      | Noticed Sigmund
  1326 | D:2      | Killed Sigmund
  1326 | D:2      | Reached skill level 7 in Axes
  1326 | D:2      | Reached XP level 4. HP: 40/40 MP: 3/3
  1326 | D:2      | Reached XP level 5. HP: 46/46 MP: 4/4
  1748 | D:2      | Found a glowing golden altar of the Shining One.
  2021 | D:3      | Reached XP level 6. HP: 52/52 MP: 5/5
  2057 | D:3      | Found a shimmering altar of Xom.
  2060 | D:3      | Found a white marble altar of Elyvilon.
  2072 | D:3      | Found a deep blue altar of Sif Muna.
  2075 | D:3      | Found a hide-covered altar of Uskayaw.
  2357 | D:3      | Reached skill level 8 in Axes
  2743 | D:3      | Reached *** piety under Trog
  2992 | D:4      | Reached skill level 9 in Axes
  3023 | D:4      | Reached XP level 7. HP: 21/59 MP: 6/6
  3483 | D:4      | Found an iron altar of Okawaru.
  3515 | D:4      | Found a shattered altar of Ashenzari.
  3567 | D:4      | Reached skill level 10 in Axes
  3678 | D:5      | Entered Level 5 of the Dungeon
  3857 | D:5      | Reached skill level 11 in Axes
  3971 | D:5      | Found a shadowy altar of Dithmenos.
  3974 | D:5      | Received a gift from Trog
  3974 | D:5      | Reached XP level 8. HP: 55/66 MP: 7/7
  4153 | D:5      | Reached **** piety under Trog
  4422 | D:6      | Found Surah's Antique Armour Shop.
  4430 | D:6      | Reached skill level 12 in Axes
  4822 | D:6      | Found a radiant altar of Vehumet.
  5084 | D:6      | Reached skill level 13 in Axes
  5601 | D:7      | Reached XP level 9. HP: 66/71 MP: 8/8
  5697 | D:7      | Found a flagged portal.
  5728 | Bailey   | Entered a bailey
  5737 | Bailey   | Noticed an orc knight
  5743 | Bailey   | Noticed an orc knight
  5781 | Bailey   | Slain by an orc knight

Vault maps used:
D:1:      dpeg_arrival_chase, serial_glass, glass_columns_b, glass_columns_a
D:2:      nicolae_tso_carved_into_rock, uniq_sigmund
D:3:      minmay_diamond_boxcup, grunt_temple_overflow_cloverleaf
D:4:      overflow_temple_1_default, lemuel_crystal_altar,
          minmay_misc_feat_enclosed
D:5:      grunt_dithmenos_smoke, first_bread, supply_closet_lemuel
D:6:      vehumet_crystals, serial_shops, shop_statue
D:7:      enter_bailey_2, bh_walls_and_bars
Bailey:   bailey_axe_4, bailey

Skill      XL: |  1  2  3  4  5  6  7  8 |
---------------+-------------------------+-----
Fighting       | 4 |  4.0
Axes           | 4 7 9 11 13 | 13.8
Armour         | |  2.5
Dodging        | |  2.2

Action                   |  1- 3 |  4- 6 |  7- 9 || total
-------------------------+-------+-------+-------++-------
Melee: Hand axe          |    79 |   145 |   351 ||   575
       Headbutt          |    13 |    19 |    67 ||    99
Invok: Berserk           |     2 |     1 |     2 ||     5
  Use: Potion            |       |       |     1 ||     1
 Stab: Sleeping          |       |     4 |     2 ||     6
  Eat: Chunk             |     2 |     8 |    10 ||    20
Armor: Animal skin       |    13 |       |       ||    13
       Ring mail         |     1 |    54 |    77 ||   132
Dodge: Dodged            |    52 |    48 |   114 ||   214
Block: Shield            |       |    24 |   113 ||   137
